AoeStats
← Lambdλ

Oasis

510156870Analyzed
3v3 RM · 3d ago on Sep 29, 2026· 66m 43s· 6 players
Game mode
Random Map
Map size
Normal (6 player)
Population
200
Speed
Normal
Resources
Standard
Victory
Conquest
Starting age
Dark Age
Ending age
Imperial Age
RankedLock teamsTeams togetherTeam positionsShared explorationLock speedFull tech treeHidden civsTurbo modeCheats
Victory
Defeat
🇫🇷 Franks · France
1153
+9
🇫🇷 Magyars · France
912
+51
🇫🇷 Goths · France
758
+71
🇳🇱 Mongols · Netherlands
1115
-23
🇮🇹 Ethiopians · Italy
958
-17
🇮🇹 Vikings · Italy
833
-12
Lambdλ
7:06 Loom
9:41 Feudal Age
10:11 Double-Bit Axe
12:48 Horse Collar
19:54 Castle Age
18:51 Forging
20:00 Scale Mail Armor
20:58 Gold Mining
21:00 Stone Mining
22:04 Bow Saw
23:33 Stone Shaft Mining
24:10 Heavy Plow
24:57 Wheelbarrow
26:15 Hand Cart
25:46 Town Watch
25:56 Gold Mining
27:58 Anarchy
29:11 Iron Casting
30:06 Squires
31:58 Chain Mail Armor
35:44 Imperial Age
37:30 Two-Man Saw
37:03 Crop Rotation
37:36 Blast Furnace
36:59 Conscription
36:44 Perfusion
36:08 Elite Huskarl
56:25 Pikeman
56:50 Halberdier
57:32 Man-at-Arms
57:53 Long Swordsman
58:35 Two-Handed Swordsman
58:59 Champion
WarrickFr
5:10 Loom
10:59 Feudal Age
15:21 Castle Age
13:22 Double-Bit Axe
14:36 Scale Barding Armor
15:52 Forging
24:08 Husbandry
29:21 Gold Mining
29:43 Bow Saw
31:00 Iron Casting
30:45 Chain Barding Armor
34:09 Wheelbarrow
37:17 Imperial Age
34:51 Fletching
36:43 Caravan
37:10 Bodkin Arrow
37:34 Cavalier
38:52 Plate Barding Armor
39:05 Paladin
41:18 Chemistry
40:43 Ballistics
42:14 Gold Shaft Mining
43:23 Hand Cart
42:53 Town Watch
44:01 Conscription
51:19 Blast Furnace
53:59 Man-at-Arms
54:25 Gambesons
54:40 Squires
54:26 Arson
54:44 Padded Archer Armor
54:48 Scale Mail Armor
54:41 Long Swordsman
55:44 Chain Mail Armor
55:17 Two-Handed Swordsman
57:03 Plate Mail Armor
55:56 Champion
60:51 Chivalry
63:41 Padded Archer Armor
64:17 Elite Skirmisher
65:21 Leather Archer Armor
jfd72
12:11 Feudal Age
13:35 Double-Bit Axe
13:42 Horse Collar
16:28 Wheelbarrow
15:39 Loom
15:49 Gold Mining
15:49 Stone Mining
18:21 Man-at-Arms
27:04 Castle Age
30:41 Bow Saw
30:34 Heavy Plow
32:31 Gold Shaft Mining
31:40 Long Swordsman
34:35 Hand Cart
34:05 Town Watch
34:50 Scale Mail Armor
34:56 Scale Barding Armor
36:47 Town Patrol
39:52 Imperial Age
38:47 Guard Tower
39:09 Masonry
40:57 Chain Mail Armor
41:03 Chain Barding Armor
41:19 Elite Magyar Huszar
43:35 Murder Holes
47:22 Chemistry
46:03 Treadmill Crane
46:33 Siege Engineers
46:51 Two-Handed Swordsman
48:12 Plate Barding Armor
52:46 Champion
MatteoTi1
9:45 Feudal Age
15:45 Castle Age
14:23 Horse Collar
15:11 Double-Bit Axe
16:47 Crossbowman
18:49 Bow Saw
19:47 Wheelbarrow
20:10 Fletching
20:43 Heavy Plow
21:56 Padded Archer Armor
23:49 Hand Cart
29:45 Bodkin Arrow
30:36 Stone Mining
30:47 Gold Mining
35:50 Imperial Age
35:30 Squires
35:15 Arson
36:58 Arbalester
37:44 Thumb Ring
38:49 Gold Shaft Mining
38:54 Stone Shaft Mining
38:24 Bracer
42:09 Onager
43:42 Conscription
62:10 Ballistics
64:31 Caravan
splacchj
11:58 Feudal Age
13:04 Man-at-Arms
14:53 Forging
16:03 Double-Bit Axe
16:30 Scale Mail Armor
21:24 Horse Collar
21:59 Fletching
24:27 Castle Age
24:30 Pikeman
25:10 Squires
25:50 Iron Casting
25:42 Bow Saw
25:34 Heavy Plow
25:09 Long Swordsman
27:45 Gold Mining
27:51 Stone Mining
32:37 Loom
33:28 Chain Mail Armor
33:10 Bodkin Arrow
40:23 Imperial Age
38:10 Chieftains
39:51 Town Watch
41:40 Conscription
41:08 Two-Handed Swordsman
42:56 Plate Mail Armor
42:43 Champion
44:40 Blast Furnace
45:05 Capped Ram
45:08 Elite Berserk
47:52 Bogsveigar
50:00 Bracer
59:09 Elite Varangian Guard
64:28 Caravan
zsole19
12:09 Feudal Age
13:01 Double-Bit Axe
14:54 Bloodlines
14:57 Forging
15:46 Wheelbarrow
14:59 Horse Collar
17:54 Wheelbarrow
18:00 Wheelbarrow
20:57 Castle Age
19:57 Scale Mail Armor
19:54 Loom
20:39 Gold Mining
22:18 Bow Saw
22:10 Heavy Plow
22:05 Pikeman
31:17 Gold Shaft Mining
31:52 Squires
32:42 Hand Cart
37:49 Imperial Age
35:26 Town Watch
36:18 Iron Casting
36:07 Stone Mining
36:34 Chain Mail Armor
36:22 Padded Archer Armor
36:12 Fletching
36:45 Ballistics
37:42 Husbandry
38:07 Scale Barding Armor
37:50 Capped Ram
39:35 Chemistry
38:44 Thumb Ring
38:56 Siege Ram
40:51 Blast Furnace
42:14 Conscription
41:22 Heavy Scorpion
42:27 Masonry
42:52 Elite Mangudai
44:04 Heavy Scorpion
45:02 Bodkin Arrow
45:23 Leather Archer Armor
45:39 Plate Mail Armor
45:30 Chain Barding Armor
44:32 Elite Steppe Lancer
47:11 Bracer
49:09 Drill
52:27 Murder Holes
52:08 Light Cavalry
54:11 Hussar
64:24 Caravan
Connection lost

Rejoining the realm…

Still unreachable

The connection could not be restored.

Session expired

The server has moved on; the page needs a fresh start.